 Dungeon Sprint DCSS version 0.21.0-3-g78d12a8 (webtiles) character file.

38341 sanboga the Slayer (level 14, 0/165 HPs)
             Began as a Gargoyle Monk on Jan 16, 2018.
             Was the Champion of Trog.
             Killed from afar by a fire giant (24 damage)
             ... with a bolt of fire
             ... in the Dungeon (Sprint VII: "The Pits").
             The game lasted 00:18:25 (3697 turns).

sanboga the Slayer (Gargoyle Monk)                  Turns: 3697, Time: 00:18:25

Health: 0/165      AC: 37    Str: 30    XL:     14   Next: 1%
Magic:  14/14      EV: 11    Int: 15    God:    Trog [******]
Gold:   50         SH:  0    Dex: 15    Spells: 13/13 levels left

rFire    + . .     SeeInvis .   A - +9 battleaxe (elec)
rCold    . . .     Gourm    .   (shield currently unavailable)
rNeg     + . .     Faith    .   b - +4 plate armour of Cocytus {*Contam Str+2 Int+4 Dex+3}
rPois    ∞         Spirit   .   (no helmet)
rElec    +         Reflect  .   o - +0 cloak
rCorr    .         Harm     .   t - +0 pair of gloves
MR       +....     NoTele   +   (no boots)
Stlth    ..........             (no amulet)
HPRegen  0.37/turn              p - +3 ring of strength
MPRegen  0.14/turn              B - ring of protection from fire

@: berserking, very quick
A: big wings, negative energy resistance 1, electricity resistance, unbreathing,
petrification resistance, rot immunity, AC +10
a: Fly, Berserk, Trog's Hand, Brothers in Arms, Burn Spellbooks, Renounce
Religion


You were in the Dungeon.
You worshipped Trog.
Trog was exalted by your worship.
You were not hungry.

You visited 1 branch You collected 50 gold pieces.

Inventory:

Hand Weapons
 s - a +1 executioner's axe of flaming
 A - a +9 battleaxe of electrocution (weapon)
Armour
 b - the +4 plate armour of Cocytus (worn) {*Contam Str+2 Int+4 Dex+3}
   (You took it off a skeletal warrior in the Dungeon)

   It affects your strength (+2).
   It affects your intelligence (+4).
   It affects your dexterity (+3).
   It causes magical contamination when unequipped.
 o - a +0 cloak (worn)
 t - a +0 pair of gloves (worn)
Jewellery
 n - a +3 ring of dexterity
 p - a +3 ring of strength (left hand)
 B - a ring of protection from fire (right hand)
Wands
 j - a wand of digging (5)
Scrolls
 i - 3 scrolls of blinking
 k - 4 scrolls of remove curse
 l - a scroll of summoning
 u - 2 scrolls of enchant armour
 v - 3 scrolls of enchant weapon
 w - 2 scrolls of identify
 x - a scroll of fog
Potions
 a - a potion of invisibility
 d - 10 potions of curing
 e - 17 potions of heal wounds
 f - a potion of haste
 g - 4 potions of magic
 h - 5 potions of berserk rage
 q - 2 potions of agility
 r - 2 potions of resistance
 C - a potion of might
Miscellaneous
 m - a sack of spiders
 z - a fan of gales
Comestibles
 c - 14 rations


   Skills:
 + Level 21.2 Fighting
 - Level 20.0 Axes
 + Level 20.9 Armour
 - Level 3.1 Dodging
 - Level 3.5 Stealth


You had 13 spell levels left.
You didn't know any spells.

Dungeon Overview and Level Annotations

Branches:
Dungeon (1/1)

Altars:
Cheibriados
Dithmenos
Elyvilon
Fedhas
Gozag
Hepliaklqana
Makhleb
Nemelex Xobeh
Okawaru
Qazlal
Ru
Sif Muna
Trog
Vehumet
Wu Jian
Xom
Yredelemnul
Zin
The Shining One
Beogh
Jiyva
Lugonu


Innate Abilities, Weirdness & Mutations

You are resistant to torment.
Your stone body is resilient. (AC +10)
You are immune to poison.
Your large and strong wings let you fly indefinitely.
You resist negative energy. (rN+)
You are resistant to electric shocks. (rElec)
You can survive without breathing.
You are immune to petrification.
You are immune to rotting.


Message History

You feel a bit more experienced.
The fire giant points at you and mumbles some strange words.
The fireball explodes!
The fireball engulfs you! You resist.
* * * LOW HITPOINT WARNING * * *
The wizard casts a spell.
The wizard blinks!
You hear a shout!
A red draconian comes into view. It is wielding a scimitar.
The red draconian roars!
The deep elf death mage hits you but does no damage.
The deep elf demonologist mumbles some strange words.
There is a huge open gate to the Coven (Very Hard), spattered with blood here.
Things that are here:
a robe; a cloak You slice the deep elf death mage like a ripe choko!!!
The deep elf death mage is heavily wounded.
You slice the fire giant!! You miss something.
The fire giant casts a spell at you. The bolt of fire hits you! You resist.
You die...

#..#
#..#
#..#
#..#
#..#
#..#
#.§#
#)'#
#@[#


#OHCe{# .....#34## ...d ##4: ... .e# .# #p: 1.: ..: You could see a Hell
Sentinel, a red draconian, a fire giant, a sphinx, a deep elf death mage, an
ogre mage, a deep elf demonologist, a wizard, a sixfirhy and 2 chaos spawn.

Vanquished Creatures
  2 liches (D)
  Polyphemus (D)
  A death cob (D)
  A storm dragon (D)
  A draconian monk (D)
  An orc warlord (D)
  A dire elephant (D)
  Snorg (D)
  A deep elf death mage (D)
  Josephine (D)
  A merfolk avatar (D)
  2 alligator snapping turtles (D)
  An anaconda (D)
  2 catoblepae (D)
  2 vampire magi (D)
  A death yak (D)
  A sun demon (D)
  Sonja (D)
  A sixfirhy (D)
  A fire crab (D)
  3 skeletal warriors (D)
  A deep troll (D)
  A flayed ghost (D)
  A swamp dragon (D)
  A sea snake (D)
  A phantasmal warrior (D)
  A lindwurm (D)
  2 deep elf magi (D)
  An elephant (D)
  Maurice (D)
  A guardian serpent (D)
  2 orange demons (D)
  A spiny frog (D)
  2 rime drakes (D)
  A guardian mummy (D)
  A wandering mushroom (D)
  A red devil (D)
  A hornet (D)
  4 blink frogs (D)
  A snapping turtle (D)
  A hippogriff (D)
  3 slime creatures (D)
  A redback (D)
  A shadow (D)
  2 tarantellas (D)
  5 wraiths (D)
  A fire bat (D)
  2 vampires (D)
  2 basilisks (D)
  A chaos spawn (D)
  2 hungry ghosts (D)
  6 vampire mosquitoes (D)
  An acid dragon (D)
  A swamp drake (D)
  A floating eye (D)
  An eye of draining (shapeshifter) (D)
  2 black bears (D)
  A sky beast (D)
  2 necrophages (D)
  10 wolves (D)
  2 centaurs (D)
  2 crocodiles (D)
  A big kobold (D)
  A gnoll sergeant (D)
  An earth elemental (D)
  5 wights (D)
  A crimson imp (D)
  A gnoll shaman (D)
  An orc priest (D)
  A jelly (D)
  3 orc wizards (D)
  An iguana (D)
  A worker ant (D)
  A hell rat (D)
  6 gnolls (D)
  An ufetubus (D)
  An ooze (D)
  A worm (D)
  7 orcs (D)
  A bat (D)
  A bat skeleton (D)
  A giant cockroach (D)
  A hobgoblin (D)
  A giant cockroach zombie (D)
  2 kobolds (D)
  A leopard gecko skeleton (D)
144 creatures vanquished.

Notes
Turn   | Place    | Note
-------+----------+-------------------------------------------
     0 | D        | sanboga the Gargoyle Monk began the quest for the Orb.
     0 | D        | Reached XP level 1. HP: 14/14 MP: 1/1
    40 | D        | Found a bloodstained altar of Trog.
    40 | D        | Found a deep blue altar of Sif Muna.
    40 | D        | Found a viscous altar of Jiyva.
    40 | D        | Found a hazy altar of Hepliaklqana.
    40 | D        | Found an opulent altar of Gozag.
    41 | D        | Found a glowing golden altar of the Shining One.
    41 | D        | Found a glowing silver altar of Zin.
    41 | D        | Found a basalt altar of Yredelemnul.
    41 | D        | Found a shimmering altar of Xom.
    41 | D        | Found an ornate altar of the Wu Jian Council.
    41 | D        | Found a sacrificial altar of Ru.
    41 | D        | Found a stormy altar of Qazlal.
    41 | D        | Found an iron altar of Okawaru.
    41 | D        | Found a sparkling altar of Nemelex Xobeh.
    41 | D        | Found a burning altar of Makhleb.
    41 | D        | Found a blossoming altar of Fedhas.
    41 | D        | Found a white marble altar of Elyvilon.
    41 | D        | Found a shadowy altar of Dithmenos.
    41 | D        | Found a snail-covered altar of Cheibriados.
    43 | D        | Found a radiant altar of Vehumet.
    43 | D        | Found a corrupted altar of Lugonu.
    43 | D        | Found a roughly hewn altar of Beogh.
    45 | D        | Became a worshipper of Trog the Wrathful
    45 | D        | Reached * piety under Trog
    45 | D        | Reached ** piety under Trog
    88 | D        | Reached skill level 4 in Fighting
    88 | D        | Reached XP level 2. HP: 13/20 MP: 2/2
    91 | D        | Noticed a hungry ghost
    92 | D        | Noticed a floating eye
    98 | D        | Paralysed by a floating eye for 3 turns
   102 | D        | Reached *** piety under Trog
   102 | D        | Reached XP level 3. HP: 22/25 MP: 3/3
   103 | D        | Killed a floating eye
   103 | D        | Reached skill level 6 in Fighting
   103 | D        | Reached XP level 4. HP: 28/32 MP: 4/4
   103 | D        | Reached XP level 5. HP: 33/37 MP: 5/5
   104 | D        | Killed a hungry ghost
   104 | D        | Reached skill level 7 in Fighting
   104 | D        | Reached XP level 6. HP: 38/44 MP: 6/6
   228 | D        | Reached **** piety under Trog
   329 | D        | Noticed a sky beast
   336 | D        | Reached ***** piety under Trog
   337 | D        | Killed a sky beast
   337 | D        | Reached skill level 8 in Fighting
   340 | D        | Received a gift from Trog
   345 | D        | Reached XP level 7. HP: 50/50 MP: 7/7
   395 | D        | Received a gift from Trog
   407 | D        | Noticed a hornet
   421 | D        | Killed a hornet
   421 | D        | Reached skill level 9 in Fighting
   421 | D        | Reached skill level 10 in Axes
   657 | D        | Received a gift from Trog
   657 | D        | Reached XP level 8. HP: 53/57 MP: 2/8
   818 | D        | Noticed Maurice
   823 | D        | Reached skill level 10 in Fighting
   835 | D        | Killed Maurice
   970 | D        | Received a gift from Trog
   977 | D        | Reached skill level 10 in Armour
   992 | D        | Noticed an orange demon
   992 | D        | Noticed Josephine
   992 | D        | Noticed a wraith
   992 | D        | Noticed a wraith
   992 | D        | Noticed a wraith
   992 | D        | Noticed a wraith
   992 | D        | Noticed a wraith
   992 | D        | Noticed a rime drake
   992 | D        | Noticed an elephant
   996 | D        | Killed a wraith
   996 | D        | Reached ****** piety under Trog
   996 | D        | Received a gift from Trog
   996 | D        | Reached skill level 11 in Fighting
  1002 | D        | Killed Josephine
  1002 | D        | Reached XP level 9. HP: 58/65 MP: 2/9
  1006 | D        | Reached skill level 12 in Fighting
  1010 | D        | Killed a rime drake
  1022 | D        | Killed an elephant
  1022 | D        | Received a gift from Trog
  1022 | D        | Reached XP level 10. HP: 59/72 MP: 4/10
  1034 | D        | Killed an orange demon
  1245 | D        | Noticed a deep elf mage
  1254 | D        | Reached skill level 13 in Fighting
  1259 | D        | Killed a deep elf mage
  1259 | D        | Received a gift from Trog
  1259 | D        | Reached skill level 15 in Axes
  1263 | D        | Noticed a spiny frog
  1271 | D        | Killed a spiny frog
  1277 | D        | Received a gift from Trog
  1287 | D        | Received a gift from Trog
  1448 | D        | Noticed a sixfirhy
  1455 | D        | Killed a sixfirhy
  1455 | D        | Reached skill level 14 in Fighting
  1554 | D        | Noticed a swamp dragon
  1554 | D        | Noticed a flayed ghost
  1555 | D        | Noticed an orange demon
  1559 | D        | Noticed a lindwurm
  1562 | D        | Killed a flayed ghost
  1562 | D        | Reached XP level 11. HP: 80/80 MP: 11/11
  1563 | D        | Noticed a merfolk avatar
  1568 | D        | Received a gift from Trog
  1568 | D        | Killed a swamp dragon
  1572 | D        | Killed a lindwurm
  1575 | D        | Received a gift from Trog
  1585 | D        | Killed a merfolk avatar
  1585 | D        | Received a gift from Trog
  1585 | D        | Reached skill level 15 in Fighting
  1606 | D        | Got an iridescent broad axe {god gift}
  1607 | D        | Identified the +6 broad axe of Yesterday {distort, Int+2 SInv Stlth+} (Trog gifted it to you in the Dungeon)
  1850 | D        | Received a gift from Trog
  1923 | D        | Noticed a deep troll
  1930 | D        | Killed a deep troll
  1987 | D        | Noticed a death yak
  1996 | D        | Killed a death yak
  1996 | D        | Reached skill level 15 in Armour
  2000 | D        | Noticed Polyphemus
  2004 | D        | Killed Polyphemus
  2004 | D        | Reached XP level 12. HP: 88/88 MP: 12/12
  2005 | D        | Reached skill level 16 in Fighting
  2006 | D        | Noticed a death cob
  2006 | D        | Received a gift from Trog
  2010 | D        | Noticed a sun demon
  2011 | D        | Killed a death cob
  2019 | D        | Noticed a dire elephant
  2027 | D        | Killed a sun demon
  2027 | D        | Received a gift from Trog
  2033 | D        | Noticed Sonja
  2036 | D        | Killed Sonja
  2043 | D        | Killed a dire elephant
  2043 | D        | Reached skill level 17 in Fighting
  2045 | D        | Received a gift from Trog
  2248 | D        | Noticed a catoblepas
  2255 | D        | Killed a catoblepas
  2310 | D        | Noticed an alligator snapping turtle
  2317 | D        | Killed an alligator snapping turtle
  2628 | D        | Received a gift from Trog
  2629 | D        | Noticed an anaconda
  2636 | D        | Killed an anaconda
  2636 | D        | Reached XP level 13. HP: 97/97 MP: 6/13
  2642 | D        | Received a gift from Trog
  2668 | D        | Got the +4 plate armour of Cocytus {*Contam Str+2 Int+4 Dex+3}
  2728 | D        | Noticed Snorg
  2742 | D        | Killed Snorg
  2742 | D        | Received a gift from Trog
  2742 | D        | Reached skill level 18 in Fighting
  3034 | D        | Noticed a storm dragon
  3034 | D        | Noticed an orc warlord
  3051 | D        | Killed a storm dragon
  3051 | D        | Received a gift from Trog
  3057 | D        | Reached skill level 19 in Fighting
  3058 | D        | Killed an orc warlord
  3252 | D        | Received a gift from Trog
  3510 | D        | Received a gift from Trog
  3593 | D        | Noticed a lich
  3602 | D        | Killed a lich
  3602 | D        | Reached skill level 20 in Fighting
  3603 | D        | Noticed a lich
  3604 | D        | Noticed a sphinx
  3604 | D        | Noticed a deep elf high priest
  3604 | D        | Noticed a red draconian monk
  3617 | D        | Killed a lich
  3617 | D        | Received a gift from Trog
  3676 | D        | Noticed a deep elf death mage
  3682 | D        | Killed a deep elf death mage
  3685 | D        | Killed a red draconian monk
  3685 | D        | Reached skill level 21 in Fighting
  3686 | D        | Noticed an ogre mage
  3686 | D        | Noticed a deep elf death mage
  3687 | D        | Noticed a fire giant
  3688 | D        | Noticed a deep elf demonologist
  3695 | D        | Received a gift from Trog
  3695 | D        | Gained mutation: Your large and strong wings let you fly indefinitely. [Gargoyle growth]
  3695 | D        | Reached XP level 14. HP: 41/110 MP: 14/14
  3696 | D        | Noticed a red draconian
  3697 | D        | Noticed a Hell Sentinel
  3697 | D        | Killed from afar by a fire giant

Skill      XL: |  1  2  3  4  5  6  7  8  9 10 11 12 13 |
---------------+----------------------------------------+-----
Axes           | 3 4 6 8 9 11 13 14 16 18 20 | 20.0
Fighting       | 4 6 7 8 9 11 12 14 15 17 21 | 21.2
Dodging        | 3 |  3.1
Stealth        | 3 |  3.5
Armour         | 2 4 6 7 8 11 12 13 15 17 20 | 20.9

Action                   |  1- 3 |  4- 6 |  7- 9 | 10-12 | 13-15 || total
-------------------------+-------+-------+-------+-------+-------++-------
Melee: Hand axe          |    18 |    20 |     6 |       |       ||    44
       Rapier            |       |       |    38 |       |       ||    38
       Battleaxe         |       |       |    47 |   158 |    95 ||   300
       Broad axe         |       |       |       |    11 |       ||    11
       Executioner's axe |       |       |       |       |     5 ||     5
Invok: Berserk           |     1 |     1 |     2 |     4 |     2 ||    10
Evoke: Wand              |       |       |     1 |       |       ||     1
  Use: Scroll            |       |       |       |     3 |       ||     3
       Potion            |       |       |       |     4 |       ||     4
 Stab: Invisible         |       |       |       |     7 |       ||     7
  Eat: Chunk             |       |     3 |     5 |     1 |     1 ||    10
       Ration            |       |       |       |     2 |     2 ||     4
Armor: Robe              |    10 |     1 |       |       |       ||    11
       Chain mail        |       |    11 |    72 |   106 |     1 ||   190
       Plate armour      |       |       |       |       |    70 ||    70
Dodge: Dodged            |    13 |     9 |    46 |    89 |    37 ||   194
